 Dungeon Crawl Stone Soup version 0.20.0 (webtiles) character file.

3675 dipablo the Basher (level 9, -12/85 HPs)
             Began as a Minotaur Berserker on June 1, 2017.
             Was an Elder of Trog.
             Mangled by a two-headed ogre
             ... wielding a +0 giant spiked club
              (30 damage)
             ... on level 8 of the Dungeon.
             The game lasted 00:25:39 (6430 turns).

dipablo the Basher (Minotaur Berserker)             Turns: 6430, Time: 00:25:40

Health: -12/85     AC: 13    Str: 29    XL:     9   Next: 89%
Magic:  8/8        EV: 14    Int:  4    God:    Trog [****..]
Gold:   380        SH:  0    Dex: 10    Spells: 8/8 levels left

rFire    . . .     SeeInvis .   P - +3 morningstar (freeze) (curse)
rCold    x . .     Gourm    .   (no shield)
rNeg     + + .     Faith    .   j - +5 leather armour "Axace" {rC- rN++ Str+4}
rPois    .         Spirit   .   (helmet restricted)
rElec    .         Reflect  .   H - +0 cloak
rCorr    .         Harm     .   s - +2 pair of gloves
MR       ++...                  (no boots)
Stlth    +.........             L - amulet of rage
Regen    0.3/turn               n - ring of protection from magic
MPRegen  0.2/turn               E - ring of protection from magic

@: no status effects
A: retaliatory headbutt, horns 2
a: Berserk, Trog's Hand, Brothers in Arms, Burn Spellbooks, Renounce Religion,
Evoke Berserk Rage


You were on level 8 of the Dungeon.
You worshipped Trog.
Trog was greatly pleased with you.
You were near starving.

You visited 1 branch of the dungeon, and saw 8 of its levels.

You collected 380 gold pieces.

Inventory:

Hand Weapons
 D - a +0 blowgun
 G - a +3 quarterstaff of chaos
 P - a cursed +3 morningstar of freezing (weapon)
Missiles
 e - 43 sling bullets
 f - 91 bolts
 k - 98 arrows
 y - a throwing net (quivered)
 C - 19 poisoned needles
Armour
 j - the +5 leather armour "Axace" (worn) {rC- rN++ Str+4}
   (You took it off Eustachio on level 4 of the Dungeon)

   It affects your strength (+4).
   It makes you vulnerable to cold.
   It greatly protects you from negative energy.
 m - a +0 plate armour
 s - a +2 pair of gloves (worn)
 H - a +0 cloak (worn)
Jewellery
 n - a ring of protection from magic (left hand)
 E - a ring of protection from magic (right hand)
 L - an amulet of rage (around neck)
Wands
 h - a wand of flame (0/48)
 x - a wand of polymorph (22/24)
 I - a wand of paralysis (16/24)
Scrolls
 g - a scroll of enchant armour {unknown}
 l - 3 scrolls of amnesia {unknown}
 o - 6 scrolls of identify {unknown}
 q - a scroll of fear {unknown}
 r - 4 scrolls of teleportation {unknown}
 B - a scroll of magic mapping {unknown}
 J - a scroll of recharging
 K - a scroll of immolation {unknown}
Potions
 b - a potion of cancellation {unknown}
 i - a potion of invisibility {unknown}
 p - a potion of haste {unknown}
 t - 2 potions of heal wounds {unknown}
 u - 2 potions of degeneration {unknown}
 v - a potion of resistance {unknown}
 w - 2 potions of lignification {unknown}
 z - 2 potions of ambrosia {unknown}
 F - a potion of mutation {unknown}
 N - a potion of flight {unknown}
 O - a potion of berserk rage {unknown}
Comestibles
 c - 5 bread rations
 d - 7 meat rations
 A - 2 royal jellies


   Skills:
 * Level 10.2 Fighting
 * Level 10.5 Maces & Flails
 + Level 7.1 Armour
 + Level 7.0 Dodging


You had 8 spell levels left.
You didn't know any spells.

Dungeon Overview and Level Annotations

Branches:
Dungeon (8/15)             Temple (0/1) D:4
   Lair: D:8-11

Altars:
Cheibriados
Fedhas
Kikubaaqudgha
Makhleb
Nemelex Xobeh
Okawaru
Ru
Sif Muna
Trog
Vehumet
Yredelemnul
Zin

Shops:
D:4 [


Innate Abilities, Weirdness & Mutations

You reflexively headbutt those who attack you in melee.
You have a pair of horns on your head.


Message History

You impale the orc!! You freeze the orc.
You kill the orc!
Trog accepts your kill.
The orc warrior hits you with a glaive!!
The orc warrior barely misses you. You furiously retaliate!
You headbutt the orc warrior, but do no damage.
Things that are here:
a flail; an orc corpse The orc warrior hits you with a glaive!!
Things that are here:
a whip; a chain mail You impale the leopard gecko!!
The leopard gecko seems to slow down.
You freeze the leopard gecko.
You kill the leopard gecko!
Trog accepts your kill. The orc warrior completely misses you.
The orc warrior hits you from afar with a glaive!
* * * LOW HITPOINT WARNING * * *
The two-headed ogre hits you with a giant spiked club!!
You die...

... ##........<.....#
.....#####...##..........#
.........[...<..........##
.#..######..###..........#
...#######..###..........#
........##...##.......>..#
........#..#..#..........#
........#.###.#..........#
.......oO@# #...........##
........### #####......##
........# ##.....#
##....### #.....# #.....
#.....# #..... #.....#
#.... ####### #....


You could see a two-headed ogre and an orc warrior.

Vanquished Creatures
  Pikel (D:7)
  Grinder (D:4)
  Sigmund (D:2)
  4 yaks (D:7)
  Eustachio (D:4)
  4 sky beasts
  A phantom (D:7)
  A slave (D:7)
  2 ogres
  A centaur (D:7)
  A centaur (shapeshifter) (D:6)
  Blork the orc (D:4)
  2 bullfrogs
  4 wights (D:7)
  2 crimson imps
  A bullfrog zombie (D:7)
  3 jellies (D:6)
  A bullfrog skeleton (D:3)
  5 hounds
  Crazy Yiuf (D:4)
  Terence (D:2)
  2 iguanas
  6 orc wizards
  4 worker ants
  A hound skeleton (D:8)
  A worker ant zombie (D:7)
  7 gnolls
  9 adders
  2 adder zombies
  3 worms
  2 dart slugs
  9 leopard geckos
  21 orcs
  13 bats
  5 giant cockroaches
  4 goblins
  10 hobgoblins
  12 jackals
  3 quokkas
  2 ball pythons
  3 frilled lizards
  2 jackal skeletons (D:5)
  A jackal zombie (D:5)
  5 kobolds
  A leopard gecko skeleton (D:5)
  A leopard gecko zombie (D:7)
  8 rats
176 creatures vanquished.

Vanquished Creatures (others)
  4 jackals (D:7)
4 creatures vanquished.

Grand Total: 180 creatures vanquished

Notes
Turn   | Place    | Note
-------+----------+-------------------------------------------
     0 | D:1      | dipablo the Minotaur Berserker began the quest for the Orb.
     0 | D:1      | Reached XP level 1. HP: 19/19 MP: 0/0
   199 | D:1      | Reached XP level 2. HP: 27/27 MP: 1/1
   484 | D:1      | Reached XP level 3. HP: 33/33 MP: 2/2
   909 | D:2      | Reached ** piety under Trog
  1234 | D:2      | Noticed Sigmund
  1254 | D:2      | Killed Sigmund
  1254 | D:2      | Reached skill level 5 in Fighting
  1254 | D:2      | Reached skill level 5 in Maces & Flails
  1254 | D:2      | Reached XP level 4. HP: 36/42 MP: 3/3
  1254 | D:2      | Reached XP level 5. HP: 42/48 MP: 4/4
  1281 | D:2      | Noticed Terence
  1287 | D:2      | Killed Terence
  1551 | D:3      | Reached XP level 6. HP: 56/56 MP: 5/5
  2328 | D:4      | Noticed Blork the orc
  2337 | D:4      | Killed Blork the orc
  2410 | D:4      | Found a radiant altar of Vehumet.
  2411 | D:4      | Found a burning altar of Makhleb.
  2419 | D:4      | Reached XP level 7. HP: 63/63 MP: 6/6
  2644 | D:4      | Reached *** piety under Trog
  2712 | D:4      | Found Iczuif's Armour Emporium.
  2763 | D:4      | Noticed Eustachio
  2777 | D:4      | Killed Eustachio
  2781 | D:4      | Got a twisted leather armour
  2809 | D:4      | Identified the +5 leather armour "Axace" {rC- rN++ Str+4} (You took it off Eustachio on level 4 of the Dungeon)
  2833 | D:4      | Noticed Grinder
  2848 | D:4      | Killed Grinder
  2848 | D:4      | Reached skill level 5 in Armour
  2848 | D:4      | Reached XP level 8. HP: 59/73 MP: 7/7
  2863 | D:4      | Found a staircase to the Ecumenical Temple.
  2943 | D:4      | Found a runed door.
  2947 | D:4      | Noticed Crazy Yiuf
  2950 | D:4      | Killed Crazy Yiuf
  2950 | D:4      | Reached skill level 5 in Dodging
  3054 | D:5      | Entered Level 5 of the Dungeon
  3444 | D:5      | Found a runed door.
  3449 | D:5      | Found a basalt altar of Yredelemnul.
  3626 | D:5      | Found a glowing silver altar of Zin.
  4172 | D:6      | Reached **** piety under Trog
  4860 | D:7      | Reached XP level 9. HP: 82/82 MP: 8/8
  5386 | D:7      | Reached skill level 10 in Maces & Flails
  5507 | D:7      | Found a bloodstained altar of Trog.
  5619 | D:7      | Noticed Pikel
  5637 | D:7      | Killed Pikel
  5637 | D:7      | Reached skill level 10 in Fighting
  5827 | D:7      | Found an ancient bone altar of Kikubaaqudgha.
  6062 | D:7      | Found a sparkling altar of Nemelex Xobeh.
  6066 | D:7      | Found a deep blue altar of Sif Muna.
  6066 | D:7      | Found a sacrificial altar of Ru.
  6066 | D:7      | Found a snail-covered altar of Cheibriados.
  6073 | D:7      | Found an iron altar of Okawaru.
  6075 | D:7      | Found a blossoming altar of Fedhas.
  6423 | D:8      | Noticed a two-headed ogre
  6430 | D:8      | Mangled by a two-headed ogre

Skill      XL: |  1  2  3  4  5  6  7  8  9 |
---------------+----------------------------+-----
Maces & Flails | 4 5 6 7 9 10 | 10.5
Fighting       | 4 5 6 7 8 10 | 10.2
Armour         | 3 4 5 6 7 |  7.1
Dodging        | 3 4 5 7 |  7.0

Action                   |  1- 3 |  4- 6 |  7- 9 || total
-------------------------+-------+-------+-------++-------
Melee: Mace              |    94 |    93 |    52 ||   239
       Headbutt          |    16 |    11 |    46 ||    73
       Unarmed           |     2 |       |       ||     2
       Quarterstaff      |       |       |   160 ||   160
       Morningstar       |       |       |    24 ||    24
 Fire: Blowgun           |       |    25 |       ||    25
Invok: Berserk           |       |       |     1 ||     1
  Use: Scroll            |       |     3 |       ||     3
 Stab: Paralysed         |       |       |     1 ||     1
  Eat: Chunk             |     1 |     4 |    12 ||    17
Armor: Quicksilver drago |    10 |       |       ||    10
       Plate armour      |    39 |    64 |    24 ||   127
       Leather armour    |       |       |    62 ||    62
Dodge: Dodged            |    44 |    55 |   110 ||   209
